 Dungeon Crawl Stone Soup version 0.32-a0-705-g60f233581c (webtiles) character file.

Game seed: 4879329712904896485

3099107 DrFunkyFeet the Conqueror (level 27, 249/249 HPs)
             Began as a Coglin Gladiator on Mar 10, 2024.
             Was the Champion of Jiyva.
             Escaped with the Orb
             ... and 5 runes
             ... and 1 gem on Mar 16, 2024!
             The game lasted 05:04:23 (75815 turns).

DrFunkyFeet the Conqueror (Coglin Gladiator)       Turns: 75815, Time: 05:04:23

Health: 249/249    AC: 34    Str: 18    XL:     27
Magic:  23/23      EV: 25    Int: 10    God:    Jiyva [******]
Gold:   1036       SH:  8    Dex: 27    Spells: 26/26 levels left

rFire   + . .        t - +2 Maxwell's thermic engine {flame, freeze, rev}
rCold   . . .        h - +9 demon blade (vamp) {Gisele}
rNeg    . . .        I - +3 shadow dragon scales
rPois   +            C - +2 hat
rElec   +            i - +2 cloak {rPois}
rCorr   +            D - +2 pair of gloves {Dex+3}
SInv    .            e - +3 pair of seven-league boots {Rampage+∞}
Will    +++++        (amulet unavailable)
Stlth   +++          (ring unavailable)
HPRegen 2.21/turn    (ring unavailable)
MPRegen 0.98/turn    N - tuning superdynamo {rElec rF+ Clar RMsl}

%: repel missiles, clarity, rampage+∞
@: studying 2 skills
A: off-hand wielding, slow wielding, warmup strikes, no jewellery, large bone
plates 3, strong-willed 3, wild magic 3, eyeballs 1, pseudopods 1, translucent
skin 1, tendrils
0: Orb of Zot
}: 5/15 runes: serpentine, barnacled, slimy, silver, abyssal
a: Renounce Religion, Oozemancy, Slimify


You escaped.
You worshipped Jiyva.
Jiyva was exalted by your worship.
You visited 12 branches of the dungeon, and saw 56 of its levels.
You visited the Abyss 1 time.

You collected 6662 gold pieces.
You spent 5626 gold pieces at shops.

Inventory:

Hand Weapons
 h - a +9 vampiric demon blade (offhand) {Gisele}
 l - a +8 heavy demon blade {Gaius}
 t - the +2 Maxwell's thermic engine (weapon) {flame, freeze, rev}
   (You found it on level 4 of the Vaults)
Missiles
 b - 15 curare-tipped darts
 d - 7 throwing nets
 f - 4 atropa-tipped darts
 W - 3 silver javelins
Armour
 e - the +3 pair of seven-league boots (worn) {Rampage+∞}
   (You found it on level 4 of the Depths)

   Rampage+∞: When moving toward enemies, its wearer moves as far as possible,
   alerting their target en route.
 i - a +2 cloak of poison resistance (worn)
 r - the +0 gold dragon scales "Wefynaxi" {rPois rF+ rC+ Int+2 Dex+3}
   (You took it off a deep elf high priest on level 3 of the Elven Halls)

   Int+2:     It affects your intelligence (+2).
   Dex+3:     It affects your dexterity (+3).
   rF+:       It protects you from fire.
   rC+:       It protects you from cold.
   rPois:     It protects you from poison.
 u - the scarf "Riontac" {harm, rC+ Will+ rCorr Int+2}
   (You acquired it on level 3 of the Crypt)

   Int+2:     It affects your intelligence (+2).
   rC+:       It protects you from cold.
   Will+:     It increases your willpower.
   rCorr:     It protects you from acid and corrosion.
 v - the +1 troll leather armour of Xyavarac {rF+ Regen+}
   (You found it on level 4 of the Realm of Zot)

   rF+:       It protects you from fire.
   Regen+:    It increases your rate of health regeneration.
 C - a +2 hat (worn)
 D - a +2 pair of gloves of dexterity (worn)
 I - +3 shadow dragon scales (worn)
 T - a +5 ring mail of willpower
 X - the +1 pair of boots of Periwinkles {rC+ Dex+2}
   (You bought it in a shop on level 4 of the Shoals)

   Dex+2:     It affects your dexterity (+2).
   rC+:       It protects you from cold.
Gizmo
 N - a tuning superdynamo (installed) {rElec rF+ Clar RMsl}
   (You invented it yourself on level 4 of the Lair of Beasts)

   [tuning superdynamo]

   rF+:       It protects you from fire.
   rElec:     It insulates you from electricity.
   Clar:      It protects you from confusion, rage, mesmerisation and fear.
   RMsl:      It protects you from missiles.
Wands
 x - a wand of quicksilver (10)
 y - a wand of charming (31)
 F - a wand of polymorph (23)
 G - a wand of mindburst (31)
 K - a wand of roots (32)
Scrolls
 a - 2 scrolls of silence
 g - 6 scrolls of immolation
 k - 5 scrolls of fear
 n - 5 scrolls of teleportation
 q - 5 scrolls of fog
 w - 2 scrolls of noise
 J - 4 scrolls of poison
 Q - 3 scrolls of amnesia
 R - 5 scrolls of vulnerability
 U - 15 scrolls of identify
 V - 2 scrolls of blinking
Potions
 j - 9 potions of lignification
 m - 5 potions of mutation
 o - a potion of might
 p - 2 potions of attraction
 s - 4 potions of brilliance
 z - a potion of ambrosia
 A - 2 potions of haste
 E - 3 potions of invisibility
 L - 4 potions of curing
 M - 2 potions of berserk rage
 S - 2 potions of magic
 Y - a potion of cancellation
 Z - 5 potions of enlightenment
Miscellaneous
 O - a sack of spiders (inert)
 P - a lightning rod (4/4)


   Skills:
 O Level 27 Fighting
 + Level 18.0 Long Blades
 - Level 8.0 Throwing
 - Level 22.0 Armour
 + Level 24.5 Dodging
 - Level 12.0 Stealth
 - Level 22.0 Evocations


You had 26 spell levels left.
You didn't know any spells.
Your spell library contained the following spells:

 Spells                   Type           Power      Damage    Failure   Level
 Apportation              Tloc           0%         N/A       95%         1
 Foxfire                  Conj/Fire      0%         2x1d4     95%         1
 Freeze                   Ice            0%         1d3       95%         1
 Kiss of Death            Conj/Necr      0%         2d5       95%         1
 Magic Dart               Conj           0%         1d3       95%         1
 Necrotise                Necr           0%         1d4       95%         1
 Sandblast                Erth           0%         2d4       95%         1
 Shock                    Conj/Air       0%         1d3       95%         1
 Summon Small Mammal      Summ           0%         N/A       95%         1
 Blink                    Tloc           0%         N/A       99%         2
 Call Imp                 Summ           0%         N/A       99%         2
 Cigotuvi's Dreadful Rot  Necr/Alch/Air  0%         N/A       99%         2
 Ensorcelled Hibernation  Hex/Ice        0%         N/A       99%         2
 Jinxbite                 Hex            0%         N/A       99%         2
 Static Discharge         Conj/Air       0%         3-3/arc   99%         2
 Sublimation of Blood     Necr           0%         N/A       99%         2
 Confusing Touch          Hex            0%         N/A       100%        3
 Dazzling Flash           Conj/Hex       0%         N/A       100%        3
 Frozen Ramparts          Ice            0%         1d1       100%        3
 Fugue of the Fallen      Necr           0%         N/A       100%        3
 Gell's Gravitas          Tloc           0%         N/A       100%        3
 Hailstorm                Conj/Ice       0%         3d5       100%        3
 Inner Flame              Hex/Fire       0%         N/A       100%        3
 Mephitic Cloud           Conj/Alch/Air  0%         N/A       100%        3
 Passwall                 Erth           0%         N/A       100%        3
 Stone Arrow              Conj/Erth      0%         3d7       100%        3
 Summon Ice Beast         Ice/Summ       0%         N/A       100%        3
 Swiftness                Air            0%         N/A       100%        3
 Teleport Other           Tloc           0%         N/A       100%        3
 Tukima's Dance           Hex            0%         N/A       100%        3
 Vampiric Draining        Necr           0%         2d6       100%        3
 Airstrike                Air            0%         2d(0-16)  100%        4
 Anguish                  Hex/Necr       0%         N/A       100%        4
 Animate Armour           Summ/Erth      0%         N/A       100%        4
 Animate Dead             Necr           0%         N/A       100%        4
 Brom's Barrelling Bould  Conj/Erth      0%         2d3       100%        4
 Dimensional Bullseye     Hex/Tloc       0%         N/A       100%        4
 Dispel Undead            Necr           0%         3d6       100%        4
 Flame Wave               Conj/Fire      0%         2d4       100%        4
 Ignite Poison            Fire/Alch      0%         N/A       100%        4
 Martyr's Knell           Necr/Summ      0%         N/A       100%        4
 Olgreb's Toxic Radiance  Alch           0%         N/A       100%        4
 Passage of Golubria      Tloc           0%         N/A       100%        4
 Petrify                  Alch/Erth      0%         N/A       100%        4
 Sticky Flame             Fire/Alch      0%         2d4       100%        4
 Summon Blazeheart Golem  Fire/Summ      0%         N/A       100%        4
 Summon Lightning Spire   Summ/Air       0%         N/A       100%        4
 Vhi's Electric Charge    Tloc/Air       0%         N/A       100%        4
 Alistair's Intoxication  Alch           0%         N/A       100%        5
 Arcjolt                  Conj/Air       0%         1d10      100%        5
 Curse of Agony           Necr           0%         N/A       100%        5
 Lee's Rapid Deconstruct  Erth           0%         3d4*      100%        5
 Silence                  Hex/Air        0%         N/A       100%        5
 Summon Forest            Summ/Tloc      0%         N/A       100%        5
 Summon Mana Viper        Hex/Summ       0%         N/A       100%        5
 Yara's Violent Unravell  Hex/Alch       0%         3d3       100%        5
 Death Channel            Necr           0%         N/A       100%        6
 Dispersal                Tloc           0%         N/A       100%        6
 Plasma Beam              Fire/Air       0%         2x1d10    100%        6
 Sculpt Simulacrum        Ice/Alch       0%         N/A       100%        6
 Starburst                Conj/Fire      0%         6d3       100%        6
 Summon Cactus Giant      Summ           0%         N/A       100%        6
 Enfeeble                 Hex            0%         N/A       100%        7
 Haunt                    Necr/Summ      0%         N/A       100%        7
 Monstrous Menagerie      Summ           0%         N/A       100%        7
 Orb of Destruction       Conj           0%         9d5       100%        7
 Ozocubu's Refrigeration  Ice            0%         4d7       100%        7
 Spellforged Servitor     Conj/Summ      0%         N/A       100%        7
 Summon Hydra             Summ           0%         N/A       100%        7
 Discord                  Hex            0%         N/A       100%        8
 Infestation              Necr           0%         N/A       100%        8
 Lehudib's Crystal Spear  Conj/Erth      0%         10d2      100%        8
 Maxwell's Capacitive Co  Air            0%         ∞         100%        8


Dungeon Overview and Level Annotations

Branches:
Dungeon (15/15)            Temple (1/1) D:6            Lair (5/5) D:10
 Shoals (4/4) Lair:3        Snake (4/4) Lair:2        Slime (5/5) Lair:4
    Orc (2/2) D:12            Elf (3/3) Orc:2        Vaults (5/5) D:14
  Crypt (3/3) Vaults:3       Tomb (0/3) Crypt:3      Depths (4/4) D:15
    Zot (5/5) Depths:4

Altars:
Ashenzari
Cheibriados
Dithmenos
Elyvilon
Fedhas
Gozag
Hepliaklqana
Kikubaaqudgha
Makhleb
Nemelex Xobeh
Okawaru
Qazlal
Ru
Sif Muna
Trog
Uskayaw
Vehumet
Wu Jian
Xom
Yredelemnul
Zin
The Shining One
Ignis
Jiyva

Shops:
D:6 =   D:10 [   Orc:1 (   Orc:2 :([*   Elf:2 (   Elf:3 [*   Shoals:2 [:?[*
Shoals:3 !*   Shoals:4 *[*=   Snake:3 *!(   Snake:4 [***[   Vaults:1 ==!:
Vaults:2 ![   Vaults:3 :   Vaults:4 [   Depths:1 :::(?   Depths:2 [

Portals:
Hell: Depths:1 Depths:2 Depths:3 Depths:4
Abyss: Depths:2 Depths:3
Pandemonium: Depths:2 Depths:4
Ziggurat: Depths:2

Annotations:
D:3 1 runed translucent door, Crazy Yiuf
D:6 2 runed translucent doors, Sweetruy1997's ghost, novice MfAl
D:8 Gastronok
D:10 2 transporters, exclusion: ice statue, cjoo's ghost, novice DsSh
D:12 1 transporter
D:14 exclusion: downstairs
Shoals:2 3 runed translucent doors, Weulukh's ghost, adept GrEE
Shoals:3 exclusion: downstairs
Snake:3 1 runed translucent door, exclusion: downstairs, cforsyth's ghost, adept MDNe
Slime:5 Royal Jelly
Orc:2 1 runed translucent door, Splishie's ghost, journeyman DrSh
Elf:2 3 runed translucent doors, Roxanne
Elf:3 3 runed translucent doors, exclusion: 3 doors, pisaster's ghost, adept CoDe
Depths:2 exclusion: 2 downstairs
Zot:4 3 runed translucent doors, Dittersdorf's ghost, legendary GrFi


Innate Abilities, Weirdness & Mutations

You can wield a second weapon in your off-hand.
It takes a long time for you to wield or remove held weapons.
Your first few attacks do less damage.
You cannot equip rings or amulets.
You are completely covered in large bone plates. (SH +8)
You are extremely strong-willed. (Will+++)
Your spells are much harder to cast, but much more powerful.
Your body has grown eyes which may confuse attackers. (Acc +3)
Armour fits poorly on your pseudopods.
Your translucent skin slightly reduces your foes' accuracy. (Stealth+)
You are covered in slimy tendrils that may disarm your opponents.


Message History

There is a stone staircase leading down here.
A smoke demon comes into view.
The smoke demon gestures at you. Something smites you!
There is an escape hatch in the floor here.
There is an escape hatch in the ceiling here.
A mysterious force pulls you upwards. The hatch slams shut behind you.
A Brimstone Fiend comes into view.
You open the Brimstone Fiend like a pillowcase with the +2 Maxwell's thermic engine!!!
You freeze the Brimstone Fiend. You bludgeon the Brimstone Fiend.
The Brimstone Fiend is heavily wounded.
You slash the Brimstone Fiend with your +9 vampiric demon blade!
You hit the Brimstone Fiend but do no damage.
You freeze the Brimstone Fiend.
You bludgeon the Brimstone Fiend, but do no damage.
The Brimstone Fiend is severely wounded.
You slice the Brimstone Fiend with your +9 vampiric demon blade!!
The Brimstone Fiend gestures at you.
The sphere of damnation explodes!
The damnation engulfs you!!
The damnation engulfs the Brimstone Fiend.
The Brimstone Fiend completely resists.
You hit the Brimstone Fiend but do no damage.
The Brimstone Fiend is almost dead.
You slice the Brimstone Fiend with the +5 Maxwell's thermic engine!!
You kill the Brimstone Fiend!
Your Long Blades skill increases to level 18!
HP restored.
There is a stone staircase leading up here.
You climb upwards.
There is a stone staircase leading down here.
Things that are here:
a stone; a +0 dagger; a kobold skeleton You see here a frilled lizard skeleton.
You see here a quokka skeleton.
You see here a quokka skeleton.
There is a staircase leading out of the dungeon here.
Okay, then.
You reach into the sack... ...and things crawl out!
The sack is emptied!
Unknown command.
You have escaped!

.....#..###.....#####
.....#..............#
.....#......#######.#
.....#......#######.#
######.####.........#
#)# ##.######### ##
#.# ##.#......##
.#####.####.#.####.##
.#........#.#.#s@#.##
.#.......[#.#.sss#.##
..........#.######.##
#.........#........##
##..........######..##
#..........######...#
#...................#
#..........#.####...#
#.............[...###


You could see a friendly demonic crawler (summoned) and 3 friendly wolf spiders.

Vanquished Creatures
  Khufu (Crypt:3)
  Frederick (Vaults:4)
  2 ancient liches (Zot:5)
  4 dread liches
  5 orbs of fire
  Mennas (Vaults:4)
  Sojobo (Vaults:5)
  A royal mummy (Crypt:2)
  Bai Suzhen (Shoals:4)
  2 Killer Klowns (Zot:5)
  Boris (Depths:3)
  5 curse toes
  Margery (Depths:3)
  Vashnia (Snake:4)
  7 golden dragons
  Jory (Vaults:4)
  Norris (Depths:3)
  3 electric golems
  A bone dragon (Depths:4)
  3 Brimstone Fiends
  2 hellephants
  Zenata (Crypt:2)
  A shard shrike zombie (Crypt:3)
  26 tentacled monstrosities
  A Hell Sentinel (D:15)
  8 titans
  2 deep elf blademasters (Elf:3)
  4 quicksilver dragons
  3 liches
  25 Orb Guardians
  2 deep elf master archers (Elf:3)
  7 sphinxes
  9 death cobs
  3 ancient champions
  4 tentacled starspawn (Abyss:5)
  11 tengu reavers
  Aizul (Snake:2)
  Agnes (D:14)
  2 nagarajas
  18 shadow dragons
  21 storm dragons
  3 revenants
  7 protean progenitors
  5 draconian monks
  10 draconian knights
  Donald (Vaults:4)
  11 frost giants
  2 fire giants
  The ghost of AutarchDCSS the Metamorph, a journeyman DrAl of Ru (Elf:1)
  Louise (D:15)
  6 draconian scorchers
  8 deep elf sorcerers
  6 draconian shifters
  13 ghost moths
  An iron dragon (Vaults:4)
  14 vault wardens
  6 deep elf elementalists
  4 draconian stormcallers
  2 balrugs
  22 ironbound preservers
  2 curse skulls
  6 orc warlords
  5 draconian annihilators
  3 ghouls (Crypt:2)
  23 very ugly things
  2 demonspawn black suns (Zot:2)
  8 black draconians
  11 stone giants
  18 deep elf annihilators
  16 vampire knights
  13 green draconians
  8 ironbound thunderhulks
  5 purple draconians
  10 deep elf death magi
  15 dire elephants
  11 red draconians
  3 deep elf demonologists
  Azrael (Elf:1)
  3 spark wasps
  12 war gargoyles
  8 yellow draconians
  14 white draconians
  2 eidola (Crypt:2)
  13 ettins
  6 statues (Depths:3)
  4 fire dragons
  4 merfolk javelineers (Shoals:4)
  An acid blob zombie (Crypt:3)
  3 crystal guardians
  2 rakshasas (Depths:2)
  An entropy weaver (shapeshifter) (D:13)
  32 vault guards
  3 entropy weavers
  7 jiangshi (Crypt:3)
  2 deep elf high priests
  13 merfolk impalers
  Josephine (D:11)
  8 hydras
  16 yaktaur captains
  Fannar (D:10)
  8 salamander tyrants
  2 spriggan zombies (Crypt:3)
  6 ice dragons
  5 peacekeepers
  13 ironbound frosthearts
  Erolcha (Orc:2)
  An alligator (Zot:3)
  2 ogre magi
  3 merfolk avatars
  3 radroaches
  7 spriggan air magi
  An anaconda (shapeshifter) (Elf:1)
  A spriggan skeleton (Crypt:3)
  2 catoblepae
  6 merfolk aquamancers
  5 alligator snapping turtles
  13 centaur warriors
  15 dancing weapons
  A two-headed ogre (shapeshifter) (Vaults:1)
  9 anacondas
  6 deep troll shamans
  4 tengu warriors
  7 boulder beetles
  13 two-headed ogres
  4 deep troll earth magi
  11 vampire magi
  2 thrashing horrors (Abyss:5)
  4 shock serpents
  6 occultists
  16 naga warriors
  A hell hog (Abyss:5)
  A shock serpent (shapeshifter) (Vaults:5)
  2 soul eaters
  19 deep elf knights
  4 orc high priests
  3 hell knights
  8 spriggan berserkers
  A storm dragon zombie (Crypt:2)
  Nergalle (D:10)
  14 naga sharpshooters
  15 salamander mystics
  A sixfirhy (Depths:2)
  A spectral death yak (Lair:5)
  2 goliath frogs
  50 skeletal warriors
  A spatial maelstrom (Abyss:5)
  A spectral anaconda (Lair:5)
  6 skysharks
  8 iron trolls
  11 sea snakes
  A titan skeleton (Crypt:3)
  3 shadow wraiths
  2 shadow demons
  6 arcanists
  9 mana vipers
  63 deep trolls
  7 naga ritualists
  9 lindwurms
  2 obsidian statues
  15 deep elf archers
  A shadow dragon skeleton (Crypt:1)
  4 flayed ghosts
  24 phantasmal warriors
  4 thermic dynamos (Elf:1)
  Pikel (D:5)
  2 starcursed masses (Abyss:5)
  23 harpies
  10 necromancers
  16 ironbound convokers
  7 cyclopes
  A harpy (shapeshifter) (D:14)
  2 oklob plants
  28 deep elf pyromancers
  40 ugly things
  23 orc knights
  24 deep elf zephyrmancers
  17 salamanders
  A wolf spider (Zot:3)
  A stone giant zombie (Crypt:3)
  27 elephants
  Maurice (D:7)
  5 orc sorcerers
  22 moths of wrath
  A centaur zombie (Crypt:3)
  19 manticores
  4 merfolk sirens (Shoals:4)
  2 worldbinders (Abyss:5)
  A kobold blastminer (Orc:1)
  An apocalypse crab (Abyss:5)
  9 guardian serpents
  A rust devil (Depths:2)
  27 black mambas
  18 vault sentinels
  A black mamba (shapeshifter) (D:14)
  A gargoyle (D:11)
  17 naga magi
  6 water nymphs
  19 cane toads
  5 rime drakes
  An unseen horror (D:11)
  A steelbarb worm zombie (Crypt:3)
  2 smoke demons
  An alligator snapping turtle zombie (Crypt:3)
  7 large abominations
  25 yaktaurs
  2 kobold demonologists (D:10)
  A catoblepas zombie (Crypt:1)
  2 ice devils (Orc:1)
  A komodo dragon (shapeshifter) (Depths:4)
  7 komodo dragons
  5 freezing wraiths
  A human zombie (Vaults:5)
  3 ancient zymes
  2 dire elephant skeletons (Lair:5)
  A great orb of eyes zombie (Crypt:1)
  A black draconian skeleton (Crypt:1)
  6 tengu conjurers
  13 merfolk
  A silent spectre (Abyss:5)
  4 wind drakes
  5 hornets
  3 polar bears
  4 trolls
  A tarantella zombie (Crypt:3)
  A guardian serpent zombie (Crypt:3)
  A jumping spider zombie (Crypt:3)
  8 blink frogs
  6 snapping turtles
  A spectral elephant (Lair:5)
  A harpy skeleton (Crypt:2)
  6 dream sheep
  11 raiju (Abyss:5)
  An ettin zombie (Crypt:3)
  6 slime creatures
  An ettin skeleton (Abyss:5)
  3 vampires
  24 wraiths
  Eustachio (D:6)
  2 shadows
  5 spriggans
  47 yaks
  2 air elementals
  16 water elementals
  3 wyverns
  4 basilisks
  22 fire elementals
  A neqoxec (Abyss:5)
  8 small abominations (Depths:2)
  6 vampire mosquitoes (D:13)
  A death yak simulacrum (Lair:5)
  Grum (D:10)
  5 wargs
  2 human simulacra (Vaults:5)
  A spatial vortex (Abyss:5)
  3 chaos spawn (Depths:2)
  A naga zombie (Crypt:3)
  3 redbacks
  Menkaure (D:4)
  50 nagas
  A two-headed ogre zombie (D:12)
  3 acid dragons
  23 water moccasins
  A cane toad zombie (Crypt:3)
  Edmund (D:5)
  Duvessa (D:5)
  3 hell hounds (Depths:3)
  A fire bat skeleton (Crypt:1)
  A glowing shapeshifter skeleton (Vaults:5)
  A sky beast (D:8)
  A black bear (D:6)
  29 laughing skulls
  2 elephant zombies (Lair:5)
  An ice beast (D:8)
  An ettin simulacrum (Crypt:3)
  16 orc warriors
  16 ogres
  7 centaurs
  A blink frog skeleton (Crypt:2)
  3 boggarts
  16 wolves
  3 elephant skeletons (Lair:5)
  A phantom (D:5)
  A manticore skeleton (Crypt:2)
  2 lemures (D:5)
  An elf zombie (Crypt:2)
  5 kobold brigands
  12 bullfrogs
  A vine stalker zombie (Crypt:3)
  A draconian zombie (Crypt:1)
  2 scorpions
  A cyclops zombie (Crypt:3)
  3 earth elementals
  A wyvern zombie (Crypt:2)
  A cane toad simulacrum (Lair:5)
  5 wights (D:8)
  Dowan (D:5)
  A yak zombie (Crypt:2)
  2 troll zombies (D:12)
  An elephant simulacrum (Lair:5)
  7 killer bees
  A yak skeleton (Crypt:3)
  3 electric eels
  3 howler monkeys
  3 bombardier beetles
  A wolf skeleton (Crypt:3)
  4 jellies
  A hound (D:6)
  15 orc priests
  A gnoll bouda (D:3)
  Jessica (D:2)
  A hell rat (Depths:3)
  A sleepcap (D:7)
  2 iguanas
  11 orc wizards
  5 ogre zombies (D:12)
  2 mummies
  Robin (D:4)
  6 adders
  7 gnolls
  A shadow imp (D:8)
  A white imp (D:8)
  2 ufetubi (D:6)
  An adder skeleton (Crypt:2)
  4 dart slugs
  2 ribbon worms
  45 orcs
  6 bats
  7 endoplasms
  4 giant cockroaches
  2 gnoll zombies (D:12)
  11 goblins
  12 hobgoblins
  7 jackals
  31 kobolds
  5 quokkas
  7 ball pythons
  A ball python zombie (Crypt:1)
  A bombardier beetle zombie (Crypt:1)
  6 frilled lizards
  A hobgoblin skeleton (Crypt:1)
  A kobold zombie (Crypt:2)
  8 orc skeletons (D:12)
  15 orc zombies (D:12)
  9 rats
  A river rat skeleton (Crypt:2)
  A spectral goblin (D:5)
  8 aspiring fleshes
  2 starspawn tentacles (Abyss:5)
2301 creatures vanquished.

Vanquished Creatures (collateral kills)
  A vault warden (Vaults:2)
  A dire elephant (Vaults:4)
  A war gargoyle (Vaults:4)
  A peacekeeper (Vaults:4)
  A naga warrior (Snake:3)
  A salamander (Snake:3)
  A guardian serpent (Snake:3)
  A yaktaur (Vaults:4)
  A naga (Snake:3)
  A jelly (Snake:3)
  2 killer bees (D:9)
12 creatures vanquished.

Vanquished Creatures (others)
  Xtahua (Vaults:4)
  2 azure jellies
  A vault warden (Vaults:1)
  A formless jellyfish (Vaults:4)
  An ironbound thunderhulk (Vaults:1)
  A green draconian (Zot:1)
  A war gargoyle (Vaults:2)
  4 great orbs of eyes
  A spriggan air mage (Depths:3)
  A merfolk avatar (Shoals:4)
  A deep troll shaman (Depths:3)
  An occultist (Depths:2)
  A shock serpent (shapeshifter) (Vaults:2)
  A shock serpent (Snake:4)
  5 glowing orange brains
  4 deep elf pyromancers
  A deep elf zephyrmancer (Elf:2)
  A faun (shapeshifter) (Vaults:5)
  A worldbinder (Abyss:5)
  An ugly thing (D:15)
  A black mamba (Snake:4)
  A merfolk siren (Shoals:4)
  A shining eye (Vaults:1)
  A moth of wrath (shapeshifter) (Vaults:5)
  A naga mage (Snake:1)
  A smoke demon (Depths:1)
  A yaktaur (Vaults:4)
  A merfolk (shapeshifter) (Vaults:5)
  4 glass eyes
  A raiju (Abyss:5)
  6 slime creatures (Vaults:1)
  2 nagas
  An ice beast (shapeshifter) (Abyss:5)
  2 boggarts (Vaults:1)
  A centaur (D:14)
  407 jellies
  A black bear skeleton (Crypt:1)
  A howler monkey zombie (Crypt:2)
  2 orcs
  33 foxfires
  A lurking horror (Abyss:5)
  4 starspawn tentacles (Abyss:5)
505 creatures vanquished.

Grand Total: 2818 creatures vanquished

Notes
Turn   | Place    | Note
-------+----------+-------------------------------------------
     0 | D:1      | DrFunkyFeet the Coglin Gladiator began the quest for the
                  | Orb.
     0 | D:1      | Reached XP level 1. HP: 16/16 MP: 1/1
    50 | D:1      | Reached XP level 2. HP: 22/22 MP: 2/2
   129 | D:1      | Reached skill level 1 in Stealth
   209 | D:1      | Reached XP level 3. HP: 27/27 MP: 3/3
   657 | D:2      | Reached XP level 4. HP: 31/33 MP: 4/4
   841 | D:2      | HP: 1/33 [iguana (10)]
   843 | D:2      | Reached XP level 5. HP: 1/38 MP: 5/5
  1133 | D:2      | Noticed Jessica
  1138 | D:2      | Killed Jessica
  1139 | D:2      | Reached skill level 5 in Long Blades
  1253 | D:2      | Found a faded altar of an unknown god.
  1270 | D:2      | Prayed at the altar of an unknown god.
  1270 | D:2      | Became a worshipper of Ignis, the Dying Flame
  1725 | D:3      | Found an ancient bone altar of Kikubaaqudgha.
  1831 | D:3      | Noticed an ogre
  2069 | D:3      | Noticed a water moccasin
  2089 | D:3      | Killed a water moccasin
  2090 | D:3      | Reached XP level 6. HP: 26/44 MP: 6/6
  2389 | D:3      | Reached XP level 7. HP: 50/50 MP: 7/7
  2401 | D:3      | Found a runed translucent door.
  2402 | D:3      | Noticed Crazy Yiuf
  3077 | D:4      | Noticed Robin
  3414 | D:4      | Killed Robin
  3584 | D:4      | Noticed Menkaure
  3602 | D:4      | Killed Menkaure
  3612 | D:4      | Reached XP level 8. HP: 21/56 MP: 8/8
  4129 | D:4      | Identified a scroll of acquirement
  4129 | D:4      | Acquired a +4 vampiric demon blade
  4142 | D:5      | Entered Level 5 of the Dungeon
  4172 | D:5      | Noticed Dowan
  4285 | D:5      | Noticed Duvessa
  4294 | D:5      | Killed Duvessa
  4365 | D:5      | Killed Dowan
  4370 | D:5      | Found a hazy altar of Hepliaklqana.
  4396 | D:5      | Noticed Pikel
  4476 | D:5      | Killed Pikel
  4477 | D:5      | Reached skill level 4 in Fighting
  4477 | D:5      | Reached skill level 10 in Long Blades
  4537 | D:5      | Found a glowing silver altar of Zin.
  4537 | D:5      | Found a shimmering altar of Xom.
  4537 | D:5      | Noticed an angel
  4627 | D:5      | Reached XP level 9. HP: 65/65 MP: 9/9
  4784 | D:5      | Noticed Edmund
  4796 | D:5      | Killed Edmund
  4889 | D:5      | Found a stormy altar of Qazlal.
  5136 | D:6      | Reached skill level 5 in Fighting
  5172 | D:6      | Found a staircase to the Ecumenical Temple.
  5179 | Temple   | Entered the Ecumenical Temple
  5222 | D:6      | Noticed Eustachio
  5226 | D:6      | Killed Eustachio
  5376 | D:6      | Found a runed translucent door.
  5378 | D:6      | Noticed Sweetruy1997's ghost (novice MfAl)
  5412 | D:6      | Found Aciorubohy's Jewellery Shoppe.
  5418 | D:6      | Found a runed translucent door.
  5688 | D:7      | Noticed Maurice
  5753 | D:7      | Found a bloodstained altar of Trog.
  5869 | D:7      | Identified the +2 long sword "Upucut" {holy, rElec rPois
                  | Int-4}
  6302 | D:7      | Maurice stole 2 throwing nets
  6303 | D:7      | Maurice stole a +0 dagger of venom {Akihito}
  6305 | D:7      | Maurice stole 385 gold
  6313 | D:7      | Killed Maurice
  6314 | D:7      | Reached skill level 6 in Fighting
  6592 | D:7      | Reached XP level 10. HP: 46/77 MP: 10/10
  6929 | D:8      | Reached skill level 7 in Fighting
  7232 | D:8      | Noticed Gastronok
  7356 | D:8      | Reached skill level 8 in Fighting
  7595 | D:9      | Reached XP level 11. HP: 86/86 MP: 11/11
  7733 | D:9      | Reached skill level 1 in Armour
  7810 | D:9      | Found a broken altar of Ashenzari.
  7868 | D:9      | Found a snail-covered altar of Cheibriados.
  7869 | D:9      | Found an opulent altar of Gozag.
  7887 | D:9      | Found a glowing golden altar of the Shining One.
  7887 | D:9      | Found a white marble altar of Elyvilon.
  7915 | D:9      | Found a shadowy altar of Dithmenos.
  7915 | D:9      | Found a basalt altar of Yredelemnul.
  7920 | D:9      | Found a shimmering blue altar of Sif Muna.
  8017 | D:9      | Noticed a two-headed ogre
  8026 | D:9      | Killed a two-headed ogre
  8446 | D:9      | Noticed a two-headed ogre
  8453 | D:9      | Killed a two-headed ogre
  8517 | D:10     | Entered Level 10 of the Dungeon
  8569 | D:10     | Noticed a two-headed ogre
  8570 | D:10     | Noticed cjoo's ghost (novice DsSh)
  8571 | D:10     | Noticed a two-headed ogre
  8574 | D:10     | Found a transporter.
  8574 | D:10     | Noticed a two-headed ogre
  8580 | D:10     | Noticed a two-headed ogre
  8581 | D:10     | Noticed a cyan ugly thing
  8582 | D:10     | Noticed a red ugly thing
  8585 | D:10     | Noticed Fannar
  8594 | D:10     | Noticed a cyclops
  8601 | D:10     | Found a transporter.
  8616 | D:10     | Found Osob Myackeb's Antique Armour Shoppe.
  8616 | D:10     | Noticed Nergalle
  8634 | D:10     | Killed Nergalle
  8635 | D:10     | Reached skill level 9 in Fighting
  8779 | D:10     | Bought a pair of runed gloves for 270 gold pieces
  8880 | D:10     | Noticed Grum
  8898 | D:10     | Killed Grum
  9004 | D:10     | Noticed an oklob plant
  9004 | D:10     | Noticed a two-headed ogre
  9018 | D:10     | Killed a two-headed ogre
  9136 | D:10     | Found a staircase to the Lair.
  9231 | D:10     | Reached skill level 5 in Dodging
  9877 | D:10     | Killed Fannar
  9909 | D:11     | You fall into a shaft and drop 1 floor!
  9911 | D:12     | Noticed a boulder beetle
 10027 | D:11     | Noticed a boulder beetle
 10043 | D:11     | Killed a boulder beetle
 10114 | D:10     | Killed an oklob plant
 10307 | D:11     | Reached skill level 10 in Fighting
 10373 | D:11     | Reached skill level 5 in Armour
 10373 | D:11     | Reached XP level 12. HP: 97/97 MP: 12/12
 10642 | D:11     | Noticed Josephine
 10660 | D:11     | Killed Josephine
 11202 | Lair:1   | Entered Level 1 of the Lair of Beasts
 11267 | Lair:1   | Found a hide-covered altar of Uskayaw.
 11449 | Lair:1   | Reached skill level 11 in Fighting
 11602 | Lair:1   | Reached skill level 1 in Evocations
 11849 | Lair:1   | Acquired a manual of Fighting
 12713 | Lair:2   | Found a staircase to the Snake Pit.
 12818 | Lair:2   | Reached XP level 13. HP: 106/106 MP: 13/13
 13708 | Lair:3   | Reached skill level 12 in Fighting
 13729 | Lair:3   | Reached skill level 5 in Evocations
 14370 | Lair:3   | Reached skill level 13 in Fighting
 14971 | Lair:3   | Found a staircase to the Shoals.
 15471 | Lair:4   | Reached skill level 14 in Fighting
 15489 | Lair:4   | Found a staircase to the Slime Pits.
 15490 | Lair:4   | Found a viscous altar of Jiyva.
 15748 | Lair:4   | Reached XP level 14. HP: 119/120 MP: 14/14
 15753 | Lair:4   | Acquired a tuning superdynamo {rElec rF+ Clar RMsl}
 16333 | Lair:5   | Entered Level 5 of the Lair of Beasts
 16358 | Lair:5   | Reached skill level 10 in Dodging
 16484 | Lair:4   | Reached skill level 15 in Fighting
 17322 | Lair:5   | Noticed a dire elephant
 17338 | Lair:5   | Killed a dire elephant
 17339 | Lair:5   | Reached skill level 10 in Armour
 18164 | D:12     | Found a transporter.
 18165 | D:12     | Found a radiant altar of Vehumet.
 18226 | D:12     | Reached skill level 16 in Fighting
 18529 | D:12     | Found a staircase to the Orcish Mines.
 18607 | Orc:1    | Entered Level 1 of the Orcish Mines
 18882 | Orc:1    | Found Coshuk's Antique Weapon Shoppe.
 18975 | Orc:1    | Reached XP level 15. HP: 131/131 MP: 15/15
 19033 | Orc:1    | Found a frozen archway.
 19118 | Orc:2    | Entered Level 2 of the Orcish Mines
 19118 | Orc:2    | Noticed Erolcha
 19132 | Orc:2    | Killed Erolcha
 19134 | Orc:2    | Found Moud's Antique Armour Boutique.
 19295 | Orc:2    | Found a runed translucent door.
 19296 | Orc:2    | Found a shimmering altar of Xom.
 19296 | Orc:2    | Noticed Splishie's ghost (journeyman DrSh)
 19464 | Orc:2    | Found Foutemm's Book Shop.
 19515 | Orc:2    | Noticed an orc warlord
 19544 | Orc:2    | Killed an orc warlord
 19545 | Orc:2    | Reached skill level 10 in Evocations
 19664 | Orc:2    | Found a staircase to the Elven Halls.
 19679 | Orc:2    | Found Ishrac's Antique Weapon Emporium.
 20124 | Orc:2    | Found Sohatokk's General Store.
 22380 | D:14     | Noticed Agnes
 22385 | D:14     | Killed Agnes
 22764 | D:14     | Reached skill level 5 in Throwing
 22764 | D:14     | Reached skill level 5 in Stealth
 22764 | D:14     | Reached XP level 16. HP: 138/138 MP: 16/16
 23368 | D:14     | Found a gate to the Vaults.
 23446 | D:15     | Entered Level 15 of the Dungeon
 23833 | D:15     | Noticed Louise
 24168 | D:15     | Found a staircase to the Depths.
 25215 | Lair:4   | Fell from the grace of Ignis
 25215 | Lair:4   | Became a worshipper of Jiyva Jeleequt the Shapeless
 25328 | Snake:1  | Entered Level 1 of the Snake Pit
 25360 | Snake:1  | Reached XP level 17. HP: 144/144 MP: 17/17
 26284 | Snake:1  | You fall into a shaft and drop 1 floor!
 26341 | Snake:2  | Reached * piety under Jiyva
 26418 | Snake:2  | Identified the serpent talisman of Parlour Games {rC+
                  | Will+}
 26418 | Snake:2  | Noticed Aizul
 26446 | Snake:2  | Killed Aizul
 26881 | Snake:1  | You fall into a shaft and drop 1 floor!
 26941 | Snake:2  | You fall into a shaft and drop 1 floor!
 27057 | Snake:1  | Reached ** piety under Jiyva
 27918 | Snake:2  | Identified the +3 mace "Duerah" {drain, *Noise rPois rC-
                  | Dex+8}
 27971 | Snake:2  | Reached *** piety under Jiyva
 28203 | Snake:3  | Noticed cforsyth's ghost (adept MDNe)
 28206 | Snake:3  | Found a runed translucent door.
 28912 | Snake:3  | Found Dohoux's Assorted Antiques.
 28914 | Snake:3  | Found Peowiq's Distillery.
 28916 | Snake:3  | Found Bischepp's Antique Weapon Boutique.
 29064 | Snake:3  | Gained mutation: Your translucent skin slightly reduces
                  | your foes' accuracy. (Stealth+) [Jiyva's grace]
 29064 | Snake:3  | Gained mutation: Your translucent skin reduces your foes'
                  | accuracy. (Stealth+) [Jiyva's grace]
 29064 | Snake:3  | Gained mutation: Your transparent skin significantly
                  | reduces your foes' accuracy. (Stealth+) [Jiyva's grace]
 29064 | Snake:3  | Gained mutation: You are agile. (Dex +4, Str/Int -1)
                  | [Jiyva's grace]
 29133 | Snake:2  | Was forgiven by Ignis
 29296 | Snake:3  | Bought a wand of roots (7) for 672 gold pieces
 29296 | Snake:3  | Bought a wand of polymorph (2) for 112 gold pieces
 29296 | Snake:3  | Bought 2 smoky puce potions for 72 gold pieces
 29296 | Snake:3  | Bought a scroll of revelation for 300 gold pieces
 29296 | Snake:3  | Bought a potion of haste for 400 gold pieces
 29296 | Snake:3  | Bought a scroll of revelation for 300 gold pieces
 29298 | Snake:3  | Bought a potion of haste for 140 gold pieces
 29405 | Snake:3  | Reached skill level 15 in Dodging
 29828 | Snake:3  | Reached **** piety under Jiyva
 30327 | Snake:4  | Entered Level 4 of the Snake Pit
 30439 | Snake:3  | Reached XP level 18. HP: 151/153 MP: 18/18
 30559 | Snake:4  | Found Axeuwn's Armour Boutique.
 30771 | Snake:4  | Reached skill level 17 in Fighting
 30962 | Snake:4  | Found Joiph's General Store.
 30963 | Snake:4  | Found Zith's Assorted Antiques.
 30970 | Snake:4  | Bought a scroll of identify for 42 gold pieces
 31019 | Snake:4  | Found Neafaera's General Store.
 31026 | Snake:4  | Found Woleudoc's Armour Boutique.
 31347 | Snake:4  | Identified the +9 plate armour "Tiaver" {*Slow Regen+ Dex+4
                  | Slay+3}
 31505 | Snake:4  | Noticed Vashnia
 31526 | Snake:4  | Killed Vashnia
 31629 | Snake:4  | Got a serpentine rune of Zot
 31909 | Shoals:1 | Entered Level 1 of the Shoals
 32517 | Shoals:1 | You fall into a shaft and drop 1 floor!
 32517 | Shoals:2 | Reached ***** piety under Jiyva
 32517 | Shoals:2 | Found Jetiatur's Magic Scroll Boutique.
 32556 | Shoals:1 | Reached skill level 15 in Evocations
 33105 | Shoals:2 | Found a runed translucent gate.
 33105 | Shoals:2 | Found a runed translucent gate.
 33107 | Shoals:2 | Found a runed translucent gate.
 33115 | Shoals:2 | Found Itaohupp's Antique Armour Emporium.
 33216 | Shoals:2 | Found Teimagg's General Store.
 33359 | Shoals:2 | Bought a potion of heal wounds for 80 gold pieces
 33485 | Shoals:2 | Found Quklaut's Book Shop.
 33700 | Shoals:2 | Noticed Weulukh's ghost (adept GrEE)
 33757 | Shoals:2 | Found Ojyakem's Antique Armour Emporium.
 33763 | Shoals:2 | Gained mutation: Your mind is acute. (Int +4, Str/Dex -1)
                  | [Jiyva's grace]
 33763 | Shoals:2 | Gained mutation: Your mind is very acute. (Int +8, Str/Dex
                  | -2) [Jiyva's grace]
 33763 | Shoals:2 | Gained mutation: You have a pair of small horns on your
                  | head. [Jiyva's grace]
 33763 | Shoals:2 | Gained mutation: You have a pair of horns on your head.
                  | [Jiyva's grace]
 33944 | Shoals:3 | Reached XP level 19. HP: 162/162 MP: 19/19
 34011 | Shoals:3 | Found Rosek's CLEARANCE SALE!.
 34152 | Shoals:3 | Found Okulliho's Distillery.
 34444 | Shoals:4 | Entered Level 4 of the Shoals
 34444 | Shoals:4 | Found Ysiomn's General Store.
 34475 | Shoals:4 | Found Docsysh's Antique Armour Shop.
 34601 | Shoals:4 | Reached skill level 18 in Fighting
 35120 | Shoals:4 | Reached ****** piety under Jiyva
 35122 | Shoals:4 | Got the Dissertation on the Squall
 35216 | Shoals:4 | Found Ziankeet's General Store.
 35265 | Shoals:4 | Noticed Bai Suzhen
 35294 | Shoals:4 | Found Basmo's Jewellery Boutique.
 35582 | Shoals:4 | Killed Bai Suzhen
 35688 | Shoals:4 | Got a barnacled rune of Zot
 36009 | Slime:1  | Entered Level 1 of the Pits of Slime
 36048 | Slime:5  | Entered Level 5 of the Pits of Slime
 36096 | Slime:5  | Found a viscous altar of Jiyva.
 36098 | Slime:5  | Noticed the Royal Jelly
 36112 | Slime:5  | Got a slimy rune of Zot
 36114 | Slime:5  | Got a starry gem with 496 turns to spare
 36119 | Slime:5  | Identified the +4 leather armour of an ice cave {rPois}
 36132 | Slime:5  | Identified the amulet "Itith" {Acrobat rElec rPois Dex+2}
 36139 | Slime:5  | Identified the +0 chain mail of the Nine Quests {+Inv rPois
                  | rF+ Stlth+}
 36140 | Slime:5  | Identified the ring of the Unstoppable Teeth {rN+ Str+3
                  | Int+6 Dex+3 Stlth+}
 36717 | Vaults:1 | Entered Level 1 of the Vaults
 36767 | Vaults:1 | Identified the staff "Nuny" {rF+ Will+ Earth}
 36815 | Vaults:1 | Found Pasimeh's Jewellery Boutique.
 36858 | Vaults:1 | Lost mutation: Your mind is very acute. (Int +8, Str/Dex
                  | -2) [Jiyva's grace]
 36858 | Vaults:1 | Lost mutation: Your transparent skin significantly reduces
                  | your foes' accuracy. (Stealth+) [Jiyva's grace]
 36858 | Vaults:1 | Lost mutation: Your translucent skin reduces your foes'
                  | accuracy. (Stealth+) [Jiyva's grace]
 36858 | Vaults:1 | Gained mutation: Your mind is very acute. (Int +8, Str/Dex
                  | -2) [Jiyva's grace]
 36858 | Vaults:1 | Gained mutation: You have a small jelly attached to you
                  | that may absorb projectiles. [Jiyva's grace]
 36858 | Vaults:1 | Gained mutation: You are strong-willed. (Will+) [Jiyva's
                  | grace]
 36858 | Vaults:1 | Gained mutation: You are highly strong-willed. (Will++)
                  | [Jiyva's grace]
 37137 | Elf:1    | Entered Level 1 of the Elven Halls
 37212 | Elf:1    | Noticed Azrael
 37236 | Elf:1    | Killed Azrael
 37521 | Elf:1    | Found a runed translucent door.
 37521 | Elf:1    | Noticed AutarchDCSS's ghost (journeyman DrAl)
 37962 | Elf:1    | Found an ancient bone altar of Kikubaaqudgha.
 38452 | Elf:2    | Reached XP level 20. HP: 172/172 MP: 20/20
 38568 | Elf:2    | Noticed Roxanne
 38834 | Elf:2    | Identified the amulet "Xalaekoy" {rElec RegenMP+ Dex+3}
 38835 | Elf:2    | Reached skill level 19 in Fighting
 38954 | Elf:2    | Found Estrit's Weapon Boutique.
 39143 | Elf:2    | Found a runed translucent gate.
 39143 | Elf:2    | Found a runed translucent gate.
 39143 | Elf:2    | Found a runed translucent gate.
 39318 | Elf:3    | Entered Level 3 of the Elven Halls
 39343 | Elf:3    | Lost mutation: You are highly strong-willed. (Will++)
                  | [Jiyva's grace]
 39343 | Elf:3    | Gained mutation: Your movements are slightly less
                  | encumbered by armour. (ER -2) [Jiyva's grace]
 39343 | Elf:3    | Gained mutation: Your movements are less encumbered by
                  | armour. (ER -4) [Jiyva's grace]
 39343 | Elf:3    | Gained mutation: Your movements are significantly less
                  | encumbered by armour. (ER -6) [Jiyva's grace]
 39343 | Elf:3    | Gained mutation: Your muscles are strong. (Str +4, Int/Dex
                  | -1) [Jiyva's grace]
 39399 | Elf:3    | Found Ziarr's General Store.
 39399 | Elf:3    | Found Iweaj's Antique Armour Shop.
 39407 | Elf:3    | Bought a scroll of blinking for 90 gold pieces
 39712 | Elf:3    | Found a runed translucent gate.
 39961 | Elf:3    | Found a runed translucent gate.
 39962 | Elf:3    | Found a runed translucent gate.
 39963 | Elf:3    | Noticed pisaster's ghost (adept CoDe)
 39976 | Elf:3    | Found an iron altar of Okawaru.
 40357 | Elf:3    | Identified the +2 robe of Limited Liability {rF- Regen+
                  | Int-4 Archmagi}
 40834 | Elf:3    | Identified the +2 robe "Pugosia" {Rampage Str-5 Int+2
                  | Dex+3}
 40834 | Elf:3    | Identified the amulet "Upsaosat" {rElec rPois RegenMP+}
 40923 | Elf:3    | Identified the ring "Juhad" {rCorr Int+6}
 41041 | Elf:3    | Identified the +3 scale mail of Gluttony {-Cast rPois rC+}
 41517 | Elf:3    | Identified the ring of Aghoeczy {rF+ rC+ Str+6 Int+3
                  | Stlth+}
 41553 | Elf:3    | Identified the +0 gold dragon scales "Wefynaxi" {rPois rF+
                  | rC+ Int+2 Dex+3}
 41900 | Elf:3    | Identified the ring of Secrets {rN+ MP+9 Dex+3}
 41975 | Elf:3    | Got Sif Muna's Almanac of Vapour
 41991 | Elf:3    | Identified the +7 arbalest of Subjectivity {freeze, rPois}
 42484 | Shoals:4 | Bought a scroll of acquirement for 676 gold pieces
 42486 | Shoals:4 | Acquired a manual of Armour
 42872 | Elf:3    | Upgraded the game from 0.32-a0-673-g3729bd50f8 to
                  | 0.32-a0-705-g60f233581c
 43266 | Vaults:1 | Found Tepnye's Distillery.
 43582 | Vaults:1 | Reached XP level 21. HP: 182/182 MP: 21/21
 43652 | Vaults:1 | Found Epraleni's Jewellery Shoppe.
 43771 | Vaults:1 | Found Lyneetef's Book Emporium.
 44195 | Vaults:1 | Lost mutation: You are agile. (Dex +4, Str/Int -1) [Jiyva's
                  | grace]
 44195 | Vaults:1 | Lost mutation: Your mind is very acute. (Int +8, Str/Dex
                  | -2) [Jiyva's grace]
 44195 | Vaults:1 | Lost mutation: Your movements are significantly less
                  | encumbered by armour. (ER -6) [Jiyva's grace]
 44195 | Vaults:1 | Gained mutation: You are partially covered in iridescent
                  | scales. (AC +2) [Jiyva's grace]
 44195 | Vaults:1 | Gained mutation: You are mostly covered in iridescent
                  | scales. (AC +4) [Jiyva's grace]
 44195 | Vaults:1 | Gained mutation: You are completely covered in iridescent
                  | scales. (AC +6) [Jiyva's grace]
 44195 | Vaults:1 | Gained mutation: Your flesh is heat resistant. (rF+)
                  | [Jiyva's grace]
 44360 | Vaults:2 | Reached skill level 20 in Fighting
 44370 | Vaults:2 | Identified the +7 dagger of the Queen {freeze, rF- Str-4
                  | Int+4}
 45066 | Vaults:2 | Found Egumeine's Armour Shoppe.
 45567 | Vaults:2 | Found Ocer's Distillery.
 45571 | Vaults:2 | Bought a potion of haste for 150 gold pieces
 46094 | Vaults:3 | Reached skill level 15 in Armour
 46429 | Vaults:3 | Reached skill level 21 in Fighting
 46441 | Vaults:3 | Found a staircase to the Crypt.
 46632 | Vaults:3 | Reached XP level 22. HP: 194/194 MP: 22/22
 46778 | Vaults:3 | Lost mutation: Your movements are less encumbered by
                  | armour. (ER -4) [Jiyva's grace]
 46778 | Vaults:3 | Gained mutation: Your mind is very acute. (Int +8, Str/Dex
                  | -2) [Jiyva's grace]
 46778 | Vaults:3 | Gained mutation: You have acidic saliva. [Jiyva's grace]
 46778 | Vaults:3 | Gained mutation: You expend magic power (3 MP) to
                  | strengthen your wands. [Jiyva's grace]
 46778 | Vaults:3 | Gained mutation: Armour fits poorly on your pseudopods.
                  | [Jiyva's grace]
 47264 | Vaults:3 | Found Owykk's Book Boutique.
 47677 | Vaults:4 | Reached skill level 22 in Fighting
 47692 | Vaults:4 | Identified the +9 spear of Gallantry {spect, rPois Str+4
                  | Int+3}
 48060 | Vaults:4 | Noticed Donald
 48086 | Vaults:4 | Killed Donald
 48375 | Vaults:4 | Noticed Xtahua
 48394 | Vaults:4 | Killed Xtahua
 48477 | Vaults:4 | Found Socvets's Armour Shoppe.
 48579 | Vaults:4 | Noticed Mennas
 48612 | Vaults:4 | Killed Mennas
 48847 | Vaults:4 | Found the +2 Maxwell's thermic engine {flame, freeze, rev}
 48973 | Vaults:4 | Identified the orb "Juddon" {light, Stlth+ Air}
 48973 | Vaults:4 | Noticed Frederick
 49000 | Vaults:4 | Killed Frederick
 49207 | Vaults:4 | Noticed Jory
 49222 | Vaults:4 | Killed Jory
 49223 | Vaults:4 | Reached XP level 23. HP: 203/203 MP: 23/23
 49465 | Depths:1 | Entered Level 1 of the Depths
 49465 | Depths:1 | Found Beti's Book Boutique.
 49584 | D:15     | Killed Louise
 49860 | Shoals:4 | Bought the +1 pair of boots of Periwinkles {rC+ Dex+2} for
                  | 360 gold pieces
 49904 | Shoals:3 | Bought a potion of heal wounds for 70 gold pieces
 49904 | Shoals:3 | Bought a potion of haste for 140 gold pieces
 50443 | Depths:1 | Found a blossoming altar of Fedhas.
 50550 | Depths:1 | Acquired 964 gold pieces
 50834 | Elf:3    | Bought a wand of mindburst (9) for 151 gold pieces
 50834 | Elf:3    | Bought a scroll of revelation for 90 gold pieces
 51350 | Depths:1 | Lost mutation: You are completely covered in iridescent
                  | scales. (AC +6) [Jiyva's grace]
 51350 | Depths:1 | Lost mutation: Armour fits poorly on your pseudopods.
                  | [Jiyva's grace]
 51350 | Depths:1 | Lost mutation: You expend magic power (3 MP) to strengthen
                  | your wands. [Jiyva's grace]
 51350 | Depths:1 | Lost mutation: Your movements are slightly less encumbered
                  | by armour. (ER -2) [Jiyva's grace]
 51350 | Depths:1 | Gained mutation: Armour fits poorly on your pseudopods.
                  | [Jiyva's grace]
 51350 | Depths:1 | Gained mutation: Armour fits poorly on your large
                  | pseudopods. [Jiyva's grace]
 51350 | Depths:1 | Gained mutation: Armour fits poorly on your massive
                  | pseudopods. [Jiyva's grace]
 51350 | Depths:1 | Gained mutation: You expend magic power (3 MP) to
                  | strengthen your wands. [Jiyva's grace]
 51358 | Depths:1 | Found Unirit's Book Boutique.
 51374 | Depths:1 | Found Avov's Weapon Emporium.
 51375 | Depths:1 | Identified the +8 quarterstaff of the Chickpea {venom,
                  | *Rage rN+++ Will- Str+3}
 51401 | Depths:1 | Found Xivugorr's Magic Scroll Boutique.
 51431 | Depths:1 | Found a gateway to Hell.
 51630 | Depths:1 | Found a transporter.
 51631 | Depths:1 | Found Ilehupsa's Book Emporium.
 51781 | Depths:1 | Found a transporter.
 52095 | Depths:2 | Found a sparkling altar of Nemelex Xobeh.
 52240 | Depths:2 | Found Cinogruk's Antique Armour Emporium.
 52250 | Depths:2 | Bought a pair of glowing gloves for 210 gold pieces
 52252 | Depths:2 | Bought a polished ring mail for 252 gold pieces
 52252 | Depths:2 | Identified the +2 ring mail of the Prince of Darkness
                  | {Will+ Int+4 Dex+5 Slay-6} (You bought it in a shop on
                  | level 2 of the Depths)
 52404 | Depths:2 | Found a one-way gate to the infinite horrors of the Abyss.
 52572 | Depths:2 | Found a one-way gate leading to the halls of Pandemonium.
 52911 | Depths:2 | Found a one-way gateway to a ziggurat.
 53160 | Depths:3 | Reached skill level 15 in Long Blades
 53267 | Depths:3 | Noticed Norris
 53267 | Depths:3 | Noticed Margery
 53794 | Depths:3 | Killed Margery
 53856 | Depths:3 | Lost mutation: You are mostly covered in iridescent scales.
                  | (AC +4) [Jiyva's grace]
 53856 | Depths:3 | Lost mutation: You are partially covered in iridescent
                  | scales. (AC +2) [Jiyva's grace]
 53856 | Depths:3 | Lost mutation: Your muscles are strong. (Str +4, Int/Dex
                  | -1) [Jiyva's grace]
 53856 | Depths:3 | Lost mutation: Armour fits poorly on your massive
                  | pseudopods. [Jiyva's grace]
 53856 | Depths:3 | Gained mutation: You have a small jelly attached to you
                  | that senses nearby items. [Jiyva's grace]
 53856 | Depths:3 | Gained mutation: Your body has grown eyes which may confuse
                  | attackers. (Acc +3) [Jiyva's grace]
 53856 | Depths:3 | Gained mutation: Your body has grown many eyes which may
                  | confuse attackers. (Acc +5) [Jiyva's grace]
 53856 | Depths:3 | Gained mutation: Your body is covered in eyes which may
                  | confuse attackers. (Acc +7, SInv) [Jiyva's grace]
 53872 | Depths:3 | Identified the +0 leather armour of Inugetap {rF+}
 53929 | Depths:3 | Killed Norris
 54266 | Depths:3 | Reached XP level 24. HP: 178/210 MP: 23/23
 54410 | Depths:3 | Identified the +4 robe of the Saviour {Harm rF+ rC+ Dex+4}
 54410 | Depths:3 | Noticed Boris
 54428 | Depths:3 | Killed Boris
 54479 | Depths:3 | Found a radiant altar of Vehumet.
 54843 | Depths:4 | Entered Level 4 of the Depths
 55136 | Depths:4 | Found the +3 pair of seven-league boots {Rampage+∞}
 55564 | Abyss:4  | Cast into level 4 of the Abyss (tengu reaver)
 55586 | Abyss:4  | Found a transporter.
 55593 | Abyss:5  | Found a corrupted altar of Lugonu.
 55718 | Abyss:5  | Found a corrupted altar of Lugonu.
 55771 | Abyss:5  | Got an abyssal rune of Zot
 55826 | Abyss:5  | Found a corrupted altar of Lugonu.
 55930 | Depths:4 | Escaped the Abyss
 56269 | Depths:4 | Found a gate to the Realm of Zot.
 57010 | Vaults:1 | Bought a potion of resistance for 140 gold pieces
 57010 | Vaults:1 | Bought a potion of cancellation for 112 gold pieces
 57108 | Vaults:5 | Entered Level 5 of the Vaults
 57127 | Vaults:5 | Reached XP level 25. HP: 139/219 MP: 23/23
 57334 | Vaults:5 | Noticed Sojobo
 57342 | Vaults:5 | Killed Sojobo
 57671 | Vaults:5 | Reached skill level 23 in Fighting
 57751 | Vaults:5 | Lost mutation: You have a pair of horns on your head.
                  | [Jiyva's grace]
 57751 | Vaults:5 | Lost mutation: Your flesh is heat resistant. (rF+) [Jiyva's
                  | grace]
 57751 | Vaults:5 | Lost mutation: You are strong-willed. (Will+) [Jiyva's
                  | grace]
 57751 | Vaults:5 | Lost mutation: Your body is covered in eyes which may
                  | confuse attackers. (Acc +7, SInv) [Jiyva's grace]
 57751 | Vaults:5 | Lost mutation: You expend magic power (3 MP) to strengthen
                  | your wands. [Jiyva's grace]
 57751 | Vaults:5 | Gained mutation: You are robust. (+10% HP) [Jiyva's grace]
 57751 | Vaults:5 | Gained mutation: You are very robust. (+20% HP) [Jiyva's
                  | grace]
 57751 | Vaults:5 | Gained mutation: You are extremely robust. (+30% HP)
                  | [Jiyva's grace]
 57751 | Vaults:5 | Gained mutation: Your rubbery body absorbs attacks. (AC +1,
                  | EV +1) [Jiyva's grace]
 57797 | Vaults:5 | Noticed a dread lich
 57901 | Vaults:5 | Killed a dread lich
 58000 | Vaults:5 | Noticed a dread lich
 58005 | Vaults:5 | Killed a dread lich
 58299 | Vaults:5 | Identified the +4 spear of Yesterday {venom, rN+ rCorr
                  | Stlth-}
 58307 | Vaults:5 | Got the Directory of Activism
 58487 | Vaults:5 | Got a silver rune of Zot
 58567 | Vaults:5 | Identified the +1 robe of Ungaih {Rampage rC+++ Dex-3
                  | Stlth+}
 58575 | Vaults:5 | Identified the +6 short sword of Honour {speed, Str+2}
 59091 | Shoals:2 | Bought a scroll of enchant weapon for 105 gold pieces
 59091 | Shoals:2 | Bought a scroll of enchant weapon for 105 gold pieces
 59453 | Crypt:1  | Entered Level 1 of the Crypt
 60236 | Crypt:2  | Noticed Zenata
 60245 | Crypt:2  | Killed Zenata
 60322 | Crypt:2  | Lost mutation: You have a pair of small horns on your head.
                  | [Jiyva's grace]
 60322 | Crypt:2  | Lost mutation: Your mind is very acute. (Int +8, Str/Dex
                  | -2) [Jiyva's grace]
 60322 | Crypt:2  | Lost mutation: Your body has grown many eyes which may
                  | confuse attackers. (Acc +5) [Jiyva's grace]
 60322 | Crypt:2  | Lost mutation: You have a small jelly attached to you that
                  | senses nearby items. [Jiyva's grace]
 60322 | Crypt:2  | Gained mutation: Your muscles are strong. (Str +4, Int/Dex
                  | -1) [Jiyva's grace]
 60322 | Crypt:2  | Gained mutation: Your muscles are very strong. (Str +8,
                  | Int/Dex -2) [Jiyva's grace]
 60322 | Crypt:2  | Gained mutation: You possess an exceptional clarity of
                  | mind. [Jiyva's grace]
 60322 | Crypt:2  | Gained mutation: Your system is resistant to poisons.
                  | (rPois) [Jiyva's grace]
 60920 | Shoals:2 | Bought a runed scarf for 208 gold pieces
 60920 | Shoals:2 | Bought a steaming chain mail for 247 gold pieces
 60920 | Shoals:2 | Identified the +0 chain mail of Qeffen {Int+3} (You bought
                  | it in a shop on level 2 of the Shoals)
 61933 | Crypt:3  | Entered Level 3 of the Crypt
 62005 | Crypt:3  | Noticed a royal mummy
 62010 | Crypt:2  | Reached XP level 26. HP: 146/299 MP: 23/23
 62080 | Crypt:3  | Noticed Khufu
 62088 | Crypt:2  | Killed a royal mummy
 62095 | Crypt:3  | Killed Khufu
 62281 | Crypt:3  | Acquired the scarf "Riontac" {harm, rC+ Will+ rCorr Int+2}
 62506 | Vaults:4 | Bought a +1 leather armour of positive energy for 132 gold
                  | pieces
 62913 | Crypt:3  | Found a staircase to the Tomb.
 63097 | Crypt:3  | Reached skill level 24 in Fighting
 63461 | Crypt:3  | Paralysed by a vampire knight for 3 turns
 63471 | Crypt:3  | Identified the +2 robe of the Iron City of Dis {rN+ rCorr
                  | Dex+2}
 63478 | Crypt:3  | Reached skill level 10 in Stealth
 63494 | Crypt:3  | Found a basalt altar of Yredelemnul.
 63536 | Crypt:3  | Identified the +6 quarterstaff "Xoycki" {heavy, *Rage rF+
                  | rCorr Int+4}
 63596 | Crypt:3  | Got the Meditations on Unholy Rituals
 64436 | Zot:1    | Entered Level 1 of the Realm of Zot
 64481 | Zot:1    | Lost mutation: You possess an exceptional clarity of mind.
                  | [Jiyva's grace]
 64481 | Zot:1    | Lost mutation: Your system is resistant to poisons. (rPois)
                  | [Jiyva's grace]
 64481 | Zot:1    | Lost mutation: You are extremely robust. (+30% HP) [Jiyva's
                  | grace]
 64481 | Zot:1    | Lost mutation: You are very robust. (+20% HP) [Jiyva's
                  | grace]
 64481 | Zot:1    | Lost mutation: Your muscles are very strong. (Str +8,
                  | Int/Dex -2) [Jiyva's grace]
 64481 | Zot:1    | Lost mutation: Your rubbery body absorbs attacks. (AC +1,
                  | EV +1) [Jiyva's grace]
 64481 | Zot:1    | Lost mutation: You have a small jelly attached to you that
                  | may absorb projectiles. [Jiyva's grace]
 64481 | Zot:1    | Gained mutation: You have a beak for a mouth. [Jiyva's
                  | grace]
 64481 | Zot:1    | Gained mutation: You are strong-willed. (Will+) [Jiyva's
                  | grace]
 64481 | Zot:1    | Gained mutation: You are highly strong-willed. (Will++)
                  | [Jiyva's grace]
 64481 | Zot:1    | Gained mutation: You are extremely strong-willed. (Will+++)
                  | [Jiyva's grace]
 64789 | Elf:1    | Killed AutarchDCSS's ghost
 65501 | Zot:1    | Acquired a manual of Armour
 65900 | Zot:1    | Reached XP level 27. HP: 264/264 MP: 23/23
 66373 | Zot:1    | Identified the orb "Rutomnokh" {mayhem, rElec Int-2 Slay+3
                  | Hexes}
 66391 | Zot:1    | Identified the +5 rapier of Beogh {elec, Str+2 Int+4}
 66518 | Zot:1    | Got the Commentary on Variable Shadows
 66661 | Zot:2    | Reached skill level 25 in Fighting
 67018 | Zot:2    | Noticed an orb of fire
 67031 | Zot:2    | Killed an orb of fire
 68889 | Zot:3    | Lost mutation: Your mind is acute. (Int +4, Str/Dex -1)
                  | [Jiyva's grace]
 68889 | Zot:3    | Gained mutation: Your spells are a little harder to cast,
                  | but a little more powerful. [Jiyva's grace]
 68889 | Zot:3    | Gained mutation: Your spells are harder to cast, but more
                  | powerful. [Jiyva's grace]
 68889 | Zot:3    | Gained mutation: Your spells are much harder to cast, but
                  | much more powerful. [Jiyva's grace]
 68889 | Zot:3    | Gained mutation: Your flesh is cold resistant. (rC+)
                  | [Jiyva's grace]
 68907 | Zot:3    | Found a shimmering blue altar of Sif Muna.
 69991 | Zot:4    | Reached skill level 26 in Fighting
 70532 | Zot:3    | Noticed an orb of fire
 70569 | Zot:3    | Lost mutation: Your flesh is cold resistant. (rC+) [an orb
                  | of fire]
 70570 | Zot:3    | Gained mutation: You occasionally lose the ability to read
                  | scrolls when taking damage. [an orb of fire]
 70578 | Zot:3    | Gained mutation: Armour fits poorly on your strangely
                  | shaped body. [an orb of fire]
 70580 | Zot:3    | Gained mutation: You are occasionally teleported next to
                  | monsters. [an orb of fire]
 70581 | Zot:3    | Killed an orb of fire
 70584 | Zot:3    | Lost mutation: You are occasionally teleported next to
                  | monsters. [potion of mutation]
 70584 | Zot:3    | Lost mutation: You have acidic saliva. [potion of mutation]
 70584 | Zot:3    | Lost mutation: You occasionally lose the ability to read
                  | scrolls when taking damage. [potion of mutation]
 70713 | Zot:4    | Identified the +1 troll leather armour of Xyavarac {rF+
                  | Regen+}
 70731 | Zot:4    | Identified the +5 halberd of the Grave {freeze, Fly rElec
                  | rCorr Str-2}
 70861 | Zot:4    | Found a runed translucent gate.
 70861 | Zot:4    | Found a runed translucent gate.
 70865 | Zot:4    | Found a runed translucent gate.
 70869 | Zot:4    | Noticed Dittersdorf's ghost (legendary GrFi)
 71022 | Zot:5    | Entered Level 5 of the Realm of Zot
 71434 | Zot:5    | Lost mutation: You have a beak for a mouth. [Jiyva's grace]
 71434 | Zot:5    | Lost mutation: Armour fits poorly on your strangely shaped
                  | body. [Jiyva's grace]
 71434 | Zot:5    | Lost mutation: Your muscles are strong. (Str +4, Int/Dex
                  | -1) [Jiyva's grace]
 71434 | Zot:5    | Gained mutation: You are covered in slimy tendrils that may
                  | disarm your opponents. [Jiyva's grace]
 71434 | Zot:5    | Gained mutation: You are partially covered in large bone
                  | plates. (SH +4) [Jiyva's grace]
 71434 | Zot:5    | Gained mutation: You are mostly covered in large bone
                  | plates. (SH +6) [Jiyva's grace]
 71434 | Zot:5    | Gained mutation: You are completely covered in large bone
                  | plates. (SH +8) [Jiyva's grace]
 71581 | Zot:5    | Noticed an ancient lich
 71591 | Zot:5    | Killed an ancient lich
 71712 | Zot:5    | Reached skill level 27 in Fighting
 72686 | Zot:5    | Noticed an orb of fire
 72697 | Zot:5    | Lost mutation: Armour fits poorly on your large pseudopods.
                  | [an orb of fire]
 72708 | Zot:5    | Killed an orb of fire
 72964 | Zot:5    | Noticed a dread lich
 72977 | Zot:5    | Killed a dread lich
 73663 | Zot:5    | Noticed an orb of fire
 73673 | Zot:5    | Killed an orb of fire
 73714 | Zot:5    | Noticed a dread lich
 73726 | Zot:5    | Killed a dread lich
 73795 | Zot:5    | Noticed an ancient lich
 73807 | Zot:5    | Killed an ancient lich
 74014 | Zot:5    | Noticed an orb of fire
 74015 | Zot:5    | Gained mutation: You are dopey. (Int -2) [an orb of fire]
 74019 | Zot:5    | Lost mutation: You are robust. (+10% HP) [an orb of fire]
 74029 | Zot:5    | Lost mutation: You are dopey. (Int -2) [an orb of fire]
 74031 | Zot:5    | Killed an orb of fire
 75049 | Zot:5    | Got the Orb of Zot
 75815 | D:$      | Escaped with the Orb!

Illustrated notes

Levels and vault maps discovered:
D:1:      zelgadis_glass_arrival_small, layout_rooms,
          minmay_misc_feat_secret_circle, minmay_hexomino_u4
D:2:      layout_basic, hellmonk_ecumenical_altar_slurped_away, uniq_jessica
D:3:      layout_loops_ring, mainiacjoe_overflow_small_starburst,
          nrook_campfire, uniq_crazy_yiuf_cottage
D:4:      layout_basic, uniq_robin, uniq_menkaure
D:5:      layout_rooms, grunt_temple_overflow_order_and_chaos_1,
          nicolae_qazlal_scattered_showers,
          nicolae_hepliaklqana_monster_ancestors, uniq_duvessa, uniq_edmund,
          uniq_pikel
D:6:      layout_gridville, minmay_temple_entry_mini_moons, serial_shops,
          nicolae_shop_tiny_waterfront, ebering_ghost_sewer_f, st_stairs_9,
          uniq_eustachio
D:7:      layout_gridville, general_overflow_altar, uniq_maurice
D:8:      layout_rooms, dreamdust_deal_with_the_devil, uniq_gastronok
D:9:      layout_basic, grunt_temple_overflow_open, evilmike_ruin_ashenzari
D:10:     layout_long_grid, dpeg_oklobed_lair, serial_shops, shop_fountains,
          nzn_ghost_randoct, chequers_serial_rivers_large_a, uniq_fannar,
          uniq_grum, uniq_nergalle
D:11:     layout_irregular_city, uniq_josephine
D:12:     gammafunk_sealed_library, layout_basic, zombieorc2_lemuel
D:13:     layout_stronghold, grunt_decor_mini_mirrors
D:14:     layout_long_grid, david_vaults_1, minmay_holes, uniq_agnes
D:15:     hangedman_depths_entry_try_elsewhere_first, layout_small_grid,
          chequers_serial_rivers_micro_d, uniq_louise
Temple:   hellmonk_temple_rainy
Lair:1:   layout_small_grid, basic_altar, nicolae_lair_grove_arrangements,
          grunt_megastairs_3, lemuel_fruit_tree, infiniplex_staircase_pool
Lair:2:   layout_hall_layers, nicolae_snake_entry_squirm
Lair:3:   layout_regular_city, mainiacjoe_shoals_entry_four_pools,
          nzn_sisyphean_effort
Lair:4:   layout_cave_pods, slime_entry_1, nicolae_lair_grazing_beasts
          [nicolae_sub_lair_graze_edge, nicolae_sub_lair_graze_edge,
          nicolae_sub_lair_graze_edge, nicolae_sub_lair_graze_edge],
          grunt_megastairs_1, infiniplex_staircase_pool_2
Lair:5:   due_jungle_book, layout_gridlike, st_stairs_6
Shoals:1: layout_shoals, nicolae_shoals_aquamancer_cove
Shoals:2: layout_shoals, serial_shops, nicolae_shop_waterfront,
          nicolae_shop_tiny_waterfront, shop_statue, shop,
          nicolae_shop_pleasant_corner_grove, gammafunk_ghost_necromancy
Shoals:3: layout_shoals, serial_shops, nicolae_shop_behind_doors,
          nicolae_shop_clearance
Shoals:4: shoals_end_grunt_ice, layout_shoals, serial_shops,
          nicolae_shop_getting_attention, shop, nicolae_shop_hallway_plus, shop,
          nzn_prometheus_bound, uniq_bai_suzhen
Snake:1:  layout_cave_pods
Snake:2:  layout_chambers, uniq_aizul
Snake:3:  layout_grid_shapes, hellmonk_ghost_happy_afterlife,
          nicolae_snake_salamander_stairs, minmay_shop_star
Snake:4:  johnstein_snake_rune_scales, layout_rooms, serial_shops, shop, shop,
          shop, nicolae_shop_peninsula, nicolae_shop_behind_doors,
          serial_corexii_hall, corexii_hall_statues_i, chequers_hall_statues_y,
          grunt_megastairs_4
Slime:1:  layout_caves
Slime:2:  layout_caves, special_room [special_room_jelly]
Slime:3:  layout_caves
Slime:4:  cheibrodos_slime_lost_civilization_3, layout_caves,
          nicolae_slime_welcoming_committee
Slime:5:  slime_pit_nicolae_royal_road_to_ruin
Orc:1:    layout_caves, portal_ice_cave_demonic_guard, serial_shops,
          nicolae_shop_getting_attention
Orc:2:    grunt_orc_gardens, layout_caves, grunt_orc_garden, grunt_orc_garden,
          grunt_orc_garden, grunt_orc_garden, ebering_ghost_xom,
          nicolae_orc_crystal_geode, uniq_erolcha
Elf:1:    minmay_elf_arrival_plus, layout_onion_city, hellmonk_ghost_big_iron,
          basic_altar, hangedman_elf_disciples, minivault_28, uniq_azrael
Elf:2:    elven_hall_of_blades_hangedman_original
          [nicolae_blade_entry_hurt_lockers], layout_geoelf_octagon,
          serial_shops, shop, uniq_roxanne
Elf:3:    grunt_elf_hall_asides, layout_gridlike,
          gammafunk_ghost_fury_of_okawaru, minmay_shoptagon
Vaults:1: portal_desolation_entry_ruin, nicolae_vaults_security_offices_3,
          nicolae_vaults_cochlea, hangedman_vaults_nails, v_alt_pattern_1,
          vaults_room_door_hall, minmay_orc_keep,
          vaults_room_grunt_arrival_ludios, layout_vaults_quadrants,
          serial_shops, nicolae_shop_gaudy_bauble, nicolae_diamond_shop, shop,
          nicolae_shop_stone
Vaults:2: vaults_room_door_hall, ontoclasm_vaults_shuriken,
          nicolae_vaults_apartment_1, dpeg_vaults_waves, hangedman_vaults_slice,
          v_misc_14, v_misc_23, v_rooms_1, vaults_dpeg_hooks,
          nicolae_vaults_apartment_1, vaults_room_octagon,
          layout_vaults_chaotic_city, serial_shops, nicolae_shop_crystal,
          nicolae_shop_pleasant_corner_grove
Vaults:3: minmay_crypt_entry_simple_walls, nicolae_vaults_storage_closets_1,
          nicolae_vaults_what_the_h, vaults_room_stairs_pillars, v_pattern_2,
          nicolae_vaults_shrinking_rooms_1, lightli_orcish_oven,
          hangedman_vaults_snaps, gargoyle_guard, vaults_dpeg_doors,
          layout_vaults_omnibox, serial_shops, shop
Vaults:4: mu_enter_wizlab_5, nicolae_vaults_house_3,
          nicolae_vaults_trapezoid_layered, v_rooms_2,
          grunt_vaults_hallway_long, nicolae_vaults_branching_niches,
          nicolae_vaults_rhombus_7, v_misc_1, nicolae_vaults_steering_wheel,
          nicolae_vaults_angled_halls, grunt_vaults_funnel, layout_vaults_ring,
          serial_shops, shop_coins, uniq_mennas, uniq_jory, uniq_frederick,
          uniq_xtahua, uniq_donald
Vaults:5: uniq_sojobo
Crypt:1:  layout_chaotic_city, grunt_ministairs_2
Crypt:2:  layout_catacombs, roderic_lattice_octagonal_star, uniq_zenata
Crypt:3:  church_of_pain_bobbens, layout_chaotic_city,
          nicolae_tomb_entry_rubble_hallway, grunt_megastairs_2, uniq_khufu
Depths:1: layout_honeycomb, lightli_too_deep, serial_shops,
          nicolae_shop_crystal, shop, shop, nicolae_shop_drivethru,
          nicolae_square_shop, fedhas_altar_1
Depths:2: minmay_inner_zag, layout_long_grid, enter_ziggurat_c,
          nemelex_diamond_rough_becter, minmay_room_of_horrors, hell_entry,
          rand_demon_pan_entry_1, serial_shops, nicolae_lakefront_shop,
          infiniplex_staircase_pillars_3b
Depths:3: evilmike_halls_of_destruction, layout_cave_pools,
          grunt_decor_fettered, special_room [special_room_mythical_zoo],
          abyss_entry, hell_entry, uniq_norris, uniq_margery
Depths:4: grunt_zot_entry_pinwheel, layout_honeycomb, hell_entry, pan_entry,
          nicolae_two_hexagons
Zot:1:    regret_index_all_hallows'_manor, layout_basic, st_stairs_10,
          grunt_ministairs_14
Zot:2:    dreamdust_black_sun_cult, layout_concentric_octagons,
          grunt_megastairs_5
Zot:3:    layout_gridlike, regret_index_zotdec_wing_it,
          regret_index_zotdec_magical_s, hellmonk_greenhouse_of_terror
Zot:4:    kennysheep_oblong_rooms, layout_gridlike, gammafunk_ghost_tricky_traps
Zot:5:    layout_onion

Skill      XL: |  1  2  3  4  5  6  7  8  9 10 11 12 13 14 15 16 17 18 19 20 21 22 23 24 25 26 27 |
---------------+----------------------------------------------------------------------------------+-----
Stealth        | 1 2 3 5 7 8 11 12 | 12.0
Long Blades    | 4 6 7 8 10 12 13 14 16 18 | 18.0
Fighting       | 4 6 8 10 11 14 16 17 18 19 21 22 23 24 27 | 27.0
Dodging        | 5 7 9 11 12 13 15 17 18 20 21 22 23 24 | 24.5
Armour         | 5 7 9 10 12 15 16 18 22 | 22.0
Evocations     | 3 5 8 10 11 13 15 17 19 22 | 22.0
Throwing       | 5 6 8 |  8.0

Action                     |  1- 3 |  4- 6 |  7- 9 | 10-12 | 13-15 | 16-18 | 19-21 | 22-24 | 25-27 || total
---------------------------+-------+-------+-------+-------+-------+-------+-------+-------+-------++-------
  Melee: Long sword        |    55 |    77 |   196 |   386 |   742 |  1018 |  1315 |   444 |       ||  4233
         Dagger            |    45 |    68 |    78 |       |     9 |       |       |       |       ||   200
         Demon blade       |       |       |   105 |   407 |   775 |  1052 |  1373 |  1178 |  1443 ||  6333
         Short sword       |       |       |       |       |    11 |       |       |       |       ||    11
         Headbutt          |       |       |       |       |       |     7 |   489 |   495 |   123 ||  1114
         Pseudopods        |       |       |       |       |       |       |       |   468 |   638 ||  1106
         Bite              |       |       |       |       |       |       |       |   256 |   291 ||   547
         Double sword      |       |       |       |       |       |       |       |   743 |  1503 ||  2246
         Peck              |       |       |       |       |       |       |       |       |   286 ||   286
  Throw: Throwing net      |     2 |     2 |       |       |       |       |       |       |     1 ||     5
         Javelin           |       |     1 |       |     4 |     1 |     6 |     6 |    16 |     4 ||    38
         Dart              |       |     3 |     8 |    34 |    40 |    52 |    42 |     1 |     6 ||   186
 Invoke: Fiery Armour      |       |     1 |     1 |       |     3 |       |       |       |       ||     5
         Foxfire Swarm     |       |     1 |       |       |       |     3 |       |       |       ||     4
         Rising Flame      |       |       |       |       |       |     1 |       |       |       ||     1
         Oozemancy         |       |       |       |       |       |       |     3 |       |     4 ||     7
         Slimify           |       |       |       |       |       |       |       |       |     2 ||     2
Ability: Invent Gizmo      |       |       |       |       |     1 |       |       |       |       ||     1
  Evoke: Wand              |       |       |     1 |     1 |     4 |     7 |     8 |     3 |    39 ||    63
         Lightning rod     |       |       |       |       |     4 |     6 |       |     4 |       ||    14
         Sack of spiders   |       |       |       |       |       |       |       |     1 |     1 ||     2
    Use: Scroll            |       |     5 |    11 |     7 |    10 |    14 |     4 |     8 |    17 ||    76
         Potion            |       |     2 |     1 |     1 |     3 |     8 |     3 |     6 |    13 ||    37
   Stab: Held in net/web   |     1 |       |       |       |       |       |       |     1 |       ||     2
         Distracted        |     1 |       |     1 |       |     1 |     4 |     6 |     2 |     6 ||    21
         Sleeping          |     3 |     7 |     8 |     1 |     9 |     7 |    14 |    13 |     5 ||    67
         Fleeing           |       |       |       |       |       |     1 |       |       |       ||     1
         Confused          |       |       |       |       |       |       |       |    25 |    21 ||    46
 Armour: Leather armour    |    20 |    42 |    75 |       |       |       |       |       |    53 ||   190
         Ring mail         |       |       |    29 |       |       |       |   276 |   589 |   254 ||  1148
         Acid dragon scale |       |       |    13 |   189 |   384 |   511 |   262 |       |       ||  1359
         Shadow dragon sca |       |       |       |       |       |       |       |       |   436 ||   436
         Gold dragon scale |       |       |       |       |       |       |       |       |    14 ||    14
  Dodge: Dodged            |    26 |    48 |    74 |   211 |   577 |   962 |  1212 |  1133 |  1169 ||  5412
         Repelled          |       |       |       |       |    11 |   107 |    87 |    45 |    77 ||   327
  Block: Other             |       |       |       |       |       |       |       |       |    42 ||    42

Table legend: (Time is in decaauts)
 A = Elapsed time spent in this place.
 B = Non-inter-level travel time spent in this place.
 C = Inter-level travel time spent in this place.
 D = Time resting spent in this place.
 E = Time spent auto-exploring this place.
 F = Levels seen in this place.
 G = Mean time per level.
                   A        B        C        D        E       F      G
               +--------+--------+--------+--------+--------+-----+--------+
         Total |  74218 |  61382 |  12836 |  11076 |  35504 |  58 | 1279.6 |
       Dungeon |  18891 |  15014 |   3877 |   1668 |  10341 |  15 | 1259.4 |
        Temple |      1 |      1 |      0 |      0 |      0 |   1 |    1.0 |
          Lair |   8143 |   6361 |   1782 |    733 |   4247 |   5 | 1628.6 |
        Shoals |   4474 |   3616 |    858 |    170 |   2275 |   4 | 1118.5 |
     Snake Pit |   6119 |   5742 |    377 |   1154 |   3216 |   4 | 1529.8 |
    Slime Pits |    477 |    340 |    137 |      0 |    260 |   5 |   95.4 |
  Orcish Mines |   2534 |   1862 |    672 |    258 |   1287 |   2 | 1267.0 |
   Elven Halls |   5378 |   4505 |    873 |   1445 |   1979 |   3 | 1792.7 |
        Vaults |   8816 |   7213 |   1603 |   1045 |   3842 |   5 | 1763.2 |
         Crypt |   3755 |   3176 |    579 |    333 |   2099 |   3 | 1251.7 |
        Depths |   6141 |   4908 |   1233 |    649 |   2984 |   4 | 1535.2 |
           Zot |   9169 |   8327 |    842 |   3613 |   2924 |   5 | 1833.8 |
         Abyss |    315 |    315 |      0 |      5 |     48 |   2 |  157.5 |
               +--------+--------+--------+--------+--------+-----+--------+

Top non-repeatable levels by time:
   Zot:5: 3883 daAuts
   Elf:3: 2762 daAuts
Vaults:3: 2198 daAuts
    D:10: 2158 daAuts
 Snake:3: 2109 daAuts
  Lair:3: 2039 daAuts
   Elf:1: 1938 daAuts
    D:12: 1913 daAuts
    D:15: 1901 daAuts
Vaults:1: 1805 daAuts
   Orc:2: 1804 daAuts
Vaults:4: 1732 daAuts
Vaults:2: 1679 daAuts
Depths:4: 1627 daAuts
  Lair:1: 1626 daAuts
